 Dungeon Crawl Stone Soup version 0.17.1-1-g73c8601 (webtiles) character file.

18 ricardofg the Magician (level 2, -1/22 HPs)
             Began as a Gargoyle Wizard on Apr 27, 2016.
             Slain by a worker ant (2 damage)
             ... on level 1 of the Dungeon.
             The game lasted 00:03:10 (1471 turns).

ricardofg the Magician (Gargoyle Wizard)            Turns: 1471, Time: 00:03:11

Health: -1/22      AC: 21    Str: 10    XL:     2   Next: 70%
Magic:  0/6        EV:  2    Int: 18    God:
Gold:   43         SH:  0    Dex:  8    Spells: 1 memorised, 6 levels left

rFire  . . .     SeeInvis .     (no weapon)
rCold  . . .     Clarity  .     (armour currently unavailable)
rNeg   + + +     SustAt   .     (no shield)
rPois  ∞         Gourm    .     (helmet currently unavailable)
rElec  .         Spirit   .     (cloak currently unavailable)
rCorr  .         Warding  .     (gloves currently unavailable)
rMut   .         NoTele   +     (boots currently unavailable)
MR     .....                    (no amulet)
Stlth  ++........               (no ring)
                                (no ring)

@: tree-form, not resistant to hostile enchantments, unstealthy
A: negative energy resistance 1, (electricity resistance), (unbreathing),
petrification resistance, rot immunity, AC +2
a: no special abilities


You were on level 1 of the Dungeon.
You were hungry.
You were a tree.
You visited 1 branch of the dungeon, and saw 1 of its levels.

You collected 43 gold pieces.

Inventory:

Armour
 a - a +0 robe (melded)
 b - a +0 hat (melded)
 k - a cursed +0 pair of boots (melded)
Scrolls
 g - a scroll of fog {unknown}
 h - a scroll of magic mapping {unknown}
 j - a scroll of identify {unknown}
Potions
 f - a potion of cancellation
 i - a potion of haste {unknown}
Books
 c - a book of Minor Magic

   Spells                             Type                      Level
   a - Magic Dart                     Conjuration                  1
   b - Blink                          Translocation                2
   c - Call Imp                       Summoning                    2
   d - Repel Missiles                 Charms/Air                   2
   e - Slow                           Hexes                        2
   f - Conjure Flame                  Conjuration/Fire             3
   g - Mephitic Cloud                 Conjuration/Poison/Air       3
Comestibles
 d - a bread ration


   Skills:
 - Level 1.5 Dodging
 - Level 2.1 Stealth
 + Level 3.3 Spellcasting
 + Level 2.1 Conjurations
   Level 0.8 Summonings
   Level 0.8 Translocations


You had 6 spell levels left.
You knew the following spells:

 Your Spells              Type           Power        Failure   Level  Hunger
a - Magic Dart            Conj           ##..         8%          1    None


Dungeon Overview and Level Annotations

Branches:
Dungeon (1/15)

Altars:


Innate Abilities, Weirdness & Mutations

You are resistant to torment.
((Your stone body is resilient (AC +2).))
You are immune to poison.
You resist negative energy.
((You are resistant to electric shocks.))
((You can survive without breathing.))
You are immune to petrification.
You are immune to rotting.


Message History

Confirm with . or Enter, or press ? or * to list all spells.
Aiming: Magic Dart
Press: ? - help, Shift-Dir - straight line, f/p - worker ant
Aim: a worker ant (heavily wounded)
The magic dart hits the worker ant.
The worker ant is heavily wounded.
The worker ant barely misses you. The worker ant completely misses you.
Drink which item? (? for menu, Esc to quit)
It was a potion of cancellation.
You feel magically purged. The worker ant closely misses you.
Drink which item? (? for menu, Esc to quit)
It was a potion of lignification.
You turn into a tree.
Your +0 hat melds into your body.
Your cursed +0 pair of boots melds into your body.
Your +0 robe melds into your body.
Your roots penetrate the ground.
The worker ant bites you but does no damage.
You hit the worker ant but do no damage.
The worker ant is heavily wounded.
The worker ant bites you.
You die...

##.#.#.#.#
#....#
#.#.#.#'###
#....#
#.#.#.....##
#....#
#.#.#......#
#....#
#.#.#......#
#....#
##.#.#......#
#....#
#.........#.#
#....#######
##.###.##.#.#
#...........
#......##.#♣#
#...).######
#########.#a#
#.....# #.#
#.#.# ##.##.#
#.#
#.#.####.##.#
#.#
#.#......##.#
#.#
###'#########.#
#.# #.....# #.#
##.####.....#
#.#
#.....'.....#
#.#


You could see a worker ant.

Vanquished Creatures
  2 hobgoblins (D:1)
  4 kobolds (D:1)
  A quokka (D:1)
  A ball python (D:1)
  2 bats (D:1)
  A giant cockroach (D:1)
  A giant newt (D:1)
  2 goblins (D:1)
  5 rats (D:1)
19 creatures vanquished.

Notes
Turn   | Place    | Note
--------------------------------------------------------------
     0 | D:1      | ricardofg the Gargoyle Wizard began the quest for the Orb.
     0 | D:1      | Reached XP level 1. HP: 10/10 MP: 4/4
   487 | D:1      | Reached XP level 2. HP: 13/15 MP: 6/6
  1471 | D:1      | Slain by a worker ant

Action                   || total
-------------------------++-------
Melee: Unarmed           ||    85
 Cast: Magic Dart        ||    28
  Use: Potion            ||     2
 Stab: Sleeping          ||     1
  Eat: Chunk             ||     1
